Workbook

Sheet 入力する
A1: 対象の年 | B1: 2026 | D1: ※ 「集計を見る」の月べつ集計は、この年の12か月で作ります。
A2: めやすの利益率 | B2: 0.2 | D2: ※ 売価にたいする実質利益の割合。これ以上だと「仕入れる」判定の条件をひとつ満たします。
A3: めやすの最低利益額 | B3: 500 | D3: ※ 1個あたりの実質利益（円）。これ以上だと「仕入れる」判定の条件をひとつ満たします。
A4: 仕入日 | B4: 商品名 | C4: 販路 | D4: カテゴリ | E4: 仕入単価（円・1個） | F4: 数量 | G4: 想定売価（円・1個） | H4: 仕入送料（円・合計） | I4: 発送費（円・1個） | J4: その他経費（円・1個） | K4: 状況 | L4: メモ | M4: 手数料率（自動） | N4: 仕入原価計（自動） | O4: 売上見込（自動） | P4: 手数料・送料計（自動） | Q4: 実質利益（自動） | R4: 1個あたり利益（自動） | S4: 利益率（自動） | T4: ROI（自動） | U4: 損益分岐売価（自動） | V4: 値下げ余地（自動） | W4: 判定（自動） | X4: 月（自動）
M5: =IF($C5="","",SUMIF('集計を見る'!$A$34:$A$43,$C5,'集計を見る'!$B$34:$B$43)) | N5: =IF($E5="","",$E5*IF($F5="",1,$F5)+IF($H5="",0,$H5)) | O5: =IF($G5="","",$G5*IF($F5="",1,$F5)) | P5: =IF(OR($C5="",$G5=""),"",(ROUND($G5*$M5,0)+SUMIF('集計を見る'!$A$34:$A$43,$C5,'集計を見る'!$C$34:$C$43)+IF($I5="",0,$I5)+IF($J5="",0,$J5))*IF($F5="",1,$F5)) | Q5: =IF(OR($N5="",$O5="",$P5=""),"",$O5-$N5-$P5) | R5: =IF($Q5="","",ROUND($Q5/IF($F5="",1,$F5),0)) | S5: =IF(OR($Q5="",$O5=""),"",IF($O5=0,"",$Q5/$O5)) | T5: =IF(OR($Q5="",$N5=""),"",IF($N5=0,"",$Q5/$N5)) | U5: =IF(OR($C5="",$E5="",$G5=""),"",IF($M5>=1,"",ROUND(($N5/IF($F5="",1,$F5)+SUMIF('集計を見る'!$A$34:$A$43,$C5,'集計を見る'!$C$34:$C$43)+IF($I5="",0,$I5)+IF($J5="",0,$J5))/(1-$M5),0))) | V5: =IF(OR($G5="",$U5=""),"",$G5-$U5) | W5: =IF(AND($A5="",$B5="",$C5="",$E5="",$G5=""),"",IF(OR($C5="",$E5="",$G5=""),"入力が足りません",IF(COUNTIF('集計を見る'!$A$34:$A$43,$C5)=0,"販路が一覧にない",IF($Q5<=0,"赤字",IF(AND($S5>=$B$2,$R5>=$B$3),"仕入れる",IF(OR($S5>=$B$2,$R5>=$B$3),"要検討","見送り")))))) | X5: =IF($A5="","",TEXT($A5,"yyyy/mm"))
M6: =IF($C6="","",SUMIF('集計を見る'!$A$34:$A$43,$C6,'集計を見る'!$B$34:$B$43)) | N6: =IF($E6="","",$E6*IF($F6="",1,$F6)+IF($H6="",0,$H6)) | O6: =IF($G6="","",$G6*IF($F6="",1,$F6)) | P6: =IF(OR($C6="",$G6=""),"",(ROUND($G6*$M6,0)+SUMIF('集計を見る'!$A$34:$A$43,$C6,'集計を見る'!$C$34:$C$43)+IF($I6="",0,$I6)+IF($J6="",0,$J6))*IF($F6="",1,$F6)) | Q6: =IF(OR($N6="",$O6="",$P6=""),"",$O6-$N6-$P6) | R6: =IF($Q6="","",ROUND($Q6/IF($F6="",1,$F6),0)) | S6: =IF(OR($Q6="",$O6=""),"",IF($O6=0,"",$Q6/$O6)) | T6: =IF(OR($Q6="",$N6=""),"",IF($N6=0,"",$Q6/$N6)) | U6: =IF(OR($C6="",$E6="",$G6=""),"",IF($M6>=1,"",ROUND(($N6/IF($F6="",1,$F6)+SUMIF('集計を見る'!$A$34:$A$43,$C6,'集計を見る'!$C$34:$C$43)+IF($I6="",0,$I6)+IF($J6="",0,$J6))/(1-$M6),0))) | V6: =IF(OR($G6="",$U6=""),"",$G6-$U6) | W6: =IF(AND($A6="",$B6="",$C6="",$E6="",$G6=""),"",IF(OR($C6="",$E6="",$G6=""),"入力が足りません",IF(COUNTIF('集計を見る'!$A$34:$A$43,$C6)=0,"販路が一覧にない",IF($Q6<=0,"赤字",IF(AND($S6>=$B$2,$R6>=$B$3),"仕入れる",IF(OR($S6>=$B$2,$R6>=$B$3),"要検討","見送り")))))) | X6: =IF($A6="","",TEXT($A6,"yyyy/mm"))
M7: =IF($C7="","",SUMIF('集計を見る'!$A$34:$A$43,$C7,'集計を見る'!$B$34:$B$43)) | N7: =IF($E7="","",$E7*IF($F7="",1,$F7)+IF($H7="",0,$H7)) | O7: =IF($G7="","",$G7*IF($F7="",1,$F7)) | P7: =IF(OR($C7="",$G7=""),"",(ROUND($G7*$M7,0)+SUMIF('集計を見る'!$A$34:$A$43,$C7,'集計を見る'!$C$34:$C$43)+IF($I7="",0,$I7)+IF($J7="",0,$J7))*IF($F7="",1,$F7)) | Q7: =IF(OR($N7="",$O7="",$P7=""),"",$O7-$N7-$P7) | R7: =IF($Q7="","",ROUND($Q7/IF($F7="",1,$F7),0)) | S7: =IF(OR($Q7="",$O7=""),"",IF($O7=0,"",$Q7/$O7)) | T7: =IF(OR($Q7="",$N7=""),"",IF($N7=0,"",$Q7/$N7)) | U7: =IF(OR($C7="",$E7="",$G7=""),"",IF($M7>=1,"",ROUND(($N7/IF($F7="",1,$F7)+SUMIF('集計を見る'!$A$34:$A$43,$C7,'集計を見る'!$C$34:$C$43)+IF($I7="",0,$I7)+IF($J7="",0,$J7))/(1-$M7),0))) | V7: =IF(OR($G7="",$U7=""),"",$G7-$U7) | W7: =IF(AND($A7="",$B7="",$C7="",$E7="",$G7=""),"",IF(OR($C7="",$E7="",$G7=""),"入力が足りません",IF(COUNTIF('集計を見る'!$A$34:$A$43,$C7)=0,"販路が一覧にない",IF($Q7<=0,"赤字",IF(AND($S7>=$B$2,$R7>=$B$3),"仕入れる",IF(OR($S7>=$B$2,$R7>=$B$3),"要検討","見送り")))))) | X7: =IF($A7="","",TEXT($A7,"yyyy/mm"))
M8: =IF($C8="","",SUMIF('集計を見る'!$A$34:$A$43,$C8,'集計を見る'!$B$34:$B$43)) | N8: =IF($E8="","",$E8*IF($F8="",1,$F8)+IF($H8="",0,$H8)) | O8: =IF($G8="","",$G8*IF($F8="",1,$F8)) | P8: =IF(OR($C8="",$G8=""),"",(ROUND($G8*$M8,0)+SUMIF('集計を見る'!$A$34:$A$43,$C8,'集計を見る'!$C$34:$C$43)+IF($I8="",0,$I8)+IF($J8="",0,$J8))*IF($F8="",1,$F8)) | Q8: =IF(OR($N8="",$O8="",$P8=""),"",$O8-$N8-$P8) | R8: =IF($Q8="","",ROUND($Q8/IF($F8="",1,$F8),0)) | S8: =IF(OR($Q8="",$O8=""),"",IF($O8=0,"",$Q8/$O8)) | T8: =IF(OR($Q8="",$N8=""),"",IF($N8=0,"",$Q8/$N8)) | U8: =IF(OR($C8="",$E8="",$G8=""),"",IF($M8>=1,"",ROUND(($N8/IF($F8="",1,$F8)+SUMIF('集計を見る'!$A$34:$A$43,$C8,'集計を見る'!$C$34:$C$43)+IF($I8="",0,$I8)+IF($J8="",0,$J8))/(1-$M8),0))) | V8: =IF(OR($G8="",$U8=""),"",$G8-$U8) | W8: =IF(AND($A8="",$B8="",$C8="",$E8="",$G8=""),"",IF(OR($C8="",$E8="",$G8=""),"入力が足りません",IF(COUNTIF('集計を見る'!$A$34:$A$43,$C8)=0,"販路が一覧にない",IF($Q8<=0,"赤字",IF(AND($S8>=$B$2,$R8>=$B$3),"仕入れる",IF(OR($S8>=$B$2,$R8>=$B$3),"要検討","見送り")))))) | X8: =IF($A8="","",TEXT($A8,"yyyy/mm"))
M9: =IF($C9="","",SUMIF('集計を見る'!$A$34:$A$43,$C9,'集計を見る'!$B$34:$B$43)) | N9: =IF($E9="","",$E9*IF($F9="",1,$F9)+IF($H9="",0,$H9)) | O9: =IF($G9="","",$G9*IF($F9="",1,$F9)) | P9: =IF(OR($C9="",$G9=""),"",(ROUND($G9*$M9,0)+SUMIF('集計を見る'!$A$34:$A$43,$C9,'集計を見る'!$C$34:$C$43)+IF($I9="",0,$I9)+IF($J9="",0,$J9))*IF($F9="",1,$F9)) | Q9: =IF(OR($N9="",$O9="",$P9=""),"",$O9-$N9-$P9) | R9: =IF($Q9="","",ROUND($Q9/IF($F9="",1,$F9),0)) | S9: =IF(OR($Q9="",$O9=""),"",IF($O9=0,"",$Q9/$O9)) | T9: =IF(OR($Q9="",$N9=""),"",IF($N9=0,"",$Q9/$N9)) | U9: =IF(OR($C9="",$E9="",$G9=""),"",IF($M9>=1,"",ROUND(($N9/IF($F9="",1,$F9)+SUMIF('集計を見る'!$A$34:$A$43,$C9,'集計を見る'!$C$34:$C$43)+IF($I9="",0,$I9)+IF($J9="",0,$J9))/(1-$M9),0))) | V9: =IF(OR($G9="",$U9=""),"",$G9-$U9) | W9: =IF(AND($A9="",$B9="",$C9="",$E9="",$G9=""),"",IF(OR($C9="",$E9="",$G9=""),"入力が足りません",IF(COUNTIF('集計を見る'!$A$34:$A$43,$C9)=0,"販路が一覧にない",IF($Q9<=0,"赤字",IF(AND($S9>=$B$2,$R9>=$B$3),"仕入れる",IF(OR($S9>=$B$2,$R9>=$B$3),"要検討","見送り")))))) | X9: =IF($A9="","",TEXT($A9,"yyyy/mm"))
M10: =IF($C10="","",SUMIF('集計を見る'!$A$34:$A$43,$C10,'集計を見る'!$B$34:$B$43)) | N10: =IF($E10="","",$E10*IF($F10="",1,$F10)+IF($H10="",0,$H10)) | O10: =IF($G10="","",$G10*IF($F10="",1,$F10)) | P10: =IF(OR($C10="",$G10=""),"",(ROUND($G10*$M10,0)+SUMIF('集計を見る'!$A$34:$A$43,$C10,'集計を見る'!$C$34:$C$43)+IF($I10="",0,$I10)+IF($J10="",0,$J10))*IF($F10="",1,$F10)) | Q10: =IF(OR($N10="",$O10="",$P10=""),"",$O10-$N10-$P10) | R10: =IF($Q10="","",ROUND($Q10/IF($F10="",1,$F10),0)) | S10: =IF(OR($Q10="",$O10=""),"",IF($O10=0,"",$Q10/$O10)) | T10: =IF(OR($Q10="",$N10=""),"",IF($N10=0,"",$Q10/$N10)) | U10: =IF(OR($C10="",$E10="",$G10=""),"",IF($M10>=1,"",ROUND(($N10/IF($F10="",1,$F10)+SUMIF('集計を見る'!$A$34:$A$43,$C10,'集計を見る'!$C$34:$C$43)+IF($I10="",0,$I10)+IF($J10="",0,$J10))/(1-$M10),0))) | V10: =IF(OR($G10="",$U10=""),"",$G10-$U10) | W10: =IF(AND($A10="",$B10="",$C10="",$E10="",$G10=""),"",IF(OR($C10="",$E10="",$G10=""),"入力が足りません",IF(COUNTIF('集計を見る'!$A$34:$A$43,$C10)=0,"販路が一覧にない",IF($Q10<=0,"赤字",IF(AND($S10>=$B$2,$R10>=$B$3),"仕入れる",IF(OR($S10>=$B$2,$R10>=$B$3),"要検討","見送り")))))) | X10: =IF($A10="","",TEXT($A10,"yyyy/mm"))
M11: =IF($C11="","",SUMIF('集計を見る'!$A$34:$A$43,$C11,'集計を見る'!$B$34:$B$43)) | N11: =IF($E11="","",$E11*IF($F11="",1,$F11)+IF($H11="",0,$H11)) | O11: =IF($G11="","",$G11*IF($F11="",1,$F11)) | P11: =IF(OR($C11="",$G11=""),"",(ROUND($G11*$M11,0)+SUMIF('集計を見る'!$A$34:$A$43,$C11,'集計を見る'!$C$34:$C$43)+IF($I11="",0,$I11)+IF($J11="",0,$J11))*IF($F11="",1,$F11)) | Q11: =IF(OR($N11="",$O11="",$P11=""),"",$O11-$N11-$P11) | R11: =IF($Q11="","",ROUND($Q11/IF($F11="",1,$F11),0)) | S11: =IF(OR($Q11="",$O11=""),"",IF($O11=0,"",$Q11/$O11)) | T11: =IF(OR($Q11="",$N11=""),"",IF($N11=0,"",$Q11/$N11)) | U11: =IF(OR($C11="",$E11="",$G11=""),"",IF($M11>=1,"",ROUND(($N11/IF($F11="",1,$F11)+SUMIF('集計を見る'!$A$34:$A$43,$C11,'集計を見る'!$C$34:$C$43)+IF($I11="",0,$I11)+IF($J11="",0,$J11))/(1-$M11),0))) | V11: =IF(OR($G11="",$U11=""),"",$G11-$U11) | W11: =IF(AND($A11="",$B11="",$C11="",$E11="",$G11=""),"",IF(OR($C11="",$E11="",$G11=""),"入力が足りません",IF(COUNTIF('集計を見る'!$A$34:$A$43,$C11)=0,"販路が一覧にない",IF($Q11<=0,"赤字",IF(AND($S11>=$B$2,$R11>=$B$3),"仕入れる",IF(OR($S11>=$B$2,$R11>=$B$3),"要検討","見送り")))))) | X11: =IF($A11="","",TEXT($A11,"yyyy/mm"))
M12: =IF($C12="","",SUMIF('集計を見る'!$A$34:$A$43,$C12,'集計を見る'!$B$34:$B$43)) | N12: =IF($E12="","",$E12*IF($F12="",1,$F12)+IF($H12="",0,$H12)) | O12: =IF($G12="","",$G12*IF($F12="",1,$F12)) | P12: =IF(OR($C12="",$G12=""),"",(ROUND($G12*$M12,0)+SUMIF('集計を見る'!$A$34:$A$43,$C12,'集計を見る'!$C$34:$C$43)+IF($I12="",0,$I12)+IF($J12="",0,$J12))*IF($F12="",1,$F12)) | Q12: =IF(OR($N12="",$O12="",$P12=""),"",$O12-$N12-$P12) | R12: =IF($Q12="","",ROUND($Q12/IF($F12="",1,$F12),0)) | S12: =IF(OR($Q12="",$O12=""),"",IF($O12=0,"",$Q12/$O12)) | T12: =IF(OR($Q12="",$N12=""),"",IF($N12=0,"",$Q12/$N12)) | U12: =IF(OR($C12="",$E12="",$G12=""),"",IF($M12>=1,"",ROUND(($N12/IF($F12="",1,$F12)+SUMIF('集計を見る'!$A$34:$A$43,$C12,'集計を見る'!$C$34:$C$43)+IF($I12="",0,$I12)+IF($J12="",0,$J12))/(1-$M12),0))) | V12: =IF(OR($G12="",$U12=""),"",$G12-$U12) | W12: =IF(AND($A12="",$B12="",$C12="",$E12="",$G12=""),"",IF(OR($C12="",$E12="",$G12=""),"入力が足りません",IF(COUNTIF('集計を見る'!$A$34:$A$43,$C12)=0,"販路が一覧にない",IF($Q12<=0,"赤字",IF(AND($S12>=$B$2,$R12>=$B$3),"仕入れる",IF(OR($S12>=$B$2,$R12>=$B$3),"要検討","見送り")))))) | X12: =IF($A12="","",TEXT($A12,"yyyy/mm"))
M13: =IF($C13="","",SUMIF('集計を見る'!$A$34:$A$43,$C13,'集計を見る'!$B$34:$B$43)) | N13: =IF($E13="","",$E13*IF($F13="",1,$F13)+IF($H13="",0,$H13)) | O13: =IF($G13="","",$G13*IF($F13="",1,$F13)) | P13: =IF(OR($C13="",$G13=""),"",(ROUND($G13*$M13,0)+SUMIF('集計を見る'!$A$34:$A$43,$C13,'集計を見る'!$C$34:$C$43)+IF($I13="",0,$I13)+IF($J13="",0,$J13))*IF($F13="",1,$F13)) | Q13: =IF(OR($N13="",$O13="",$P13=""),"",$O13-$N13-$P13) | R13: =IF($Q13="","",ROUND($Q13/IF($F13="",1,$F13),0)) | S13: =IF(OR($Q13="",$O13=""),"",IF($O13=0,"",$Q13/$O13)) | T13: =IF(OR($Q13="",$N13=""),"",IF($N13=0,"",$Q13/$N13)) | U13: =IF(OR($C13="",$E13="",$G13=""),"",IF($M13>=1,"",ROUND(($N13/IF($F13="",1,$F13)+SUMIF('集計を見る'!$A$34:$A$43,$C13,'集計を見る'!$C$34:$C$43)+IF($I13="",0,$I13)+IF($J13="",0,$J13))/(1-$M13),0))) | V13: =IF(OR($G13="",$U13=""),"",$G13-$U13) | W13: =IF(AND($A13="",$B13="",$C13="",$E13="",$G13=""),"",IF(OR($C13="",$E13="",$G13=""),"入力が足りません",IF(COUNTIF('集計を見る'!$A$34:$A$43,$C13)=0,"販路が一覧にない",IF($Q13<=0,"赤字",IF(AND($S13>=$B$2,$R13>=$B$3),"仕入れる",IF(OR($S13>=$B$2,$R13>=$B$3),"要検討","見送り")))))) | X13: =IF($A13="","",TEXT($A13,"yyyy/mm"))
M14: =IF($C14="","",SUMIF('集計を見る'!$A$34:$A$43,$C14,'集計を見る'!$B$34:$B$43)) | N14: =IF($E14="","",$E14*IF($F14="",1,$F14)+IF($H14="",0,$H14)) | O14: =IF($G14="","",$G14*IF($F14="",1,$F14)) | P14: =IF(OR($C14="",$G14=""),"",(ROUND($G14*$M14,0)+SUMIF('集計を見る'!$A$34:$A$43,$C14,'集計を見る'!$C$34:$C$43)+IF($I14="",0,$I14)+IF($J14="",0,$J14))*IF($F14="",1,$F14)) | Q14: =IF(OR($N14="",$O14="",$P14=""),"",$O14-$N14-$P14) | R14: =IF($Q14="","",ROUND($Q14/IF($F14="",1,$F14),0)) | S14: =IF(OR($Q14="",$O14=""),"",IF($O14=0,"",$Q14/$O14)) | T14: =IF(OR($Q14="",$N14=""),"",IF($N14=0,"",$Q14/$N14)) | U14: =IF(OR($C14="",$E14="",$G14=""),"",IF($M14>=1,"",ROUND(($N14/IF($F14="",1,$F14)+SUMIF('集計を見る'!$A$34:$A$43,$C14,'集計を見る'!$C$34:$C$43)+IF($I14="",0,$I14)+IF($J14="",0,$J14))/(1-$M14),0))) | V14: =IF(OR($G14="",$U14=""),"",$G14-$U14) | W14: =IF(AND($A14="",$B14="",$C14="",$E14="",$G14=""),"",IF(OR($C14="",$E14="",$G14=""),"入力が足りません",IF(COUNTIF('集計を見る'!$A$34:$A$43,$C14)=0,"販路が一覧にない",IF($Q14<=0,"赤字",IF(AND($S14>=$B$2,$R14>=$B$3),"仕入れる",IF(OR($S14>=$B$2,$R14>=$B$3),"要検討","見送り")))))) | X14: =IF($A14="","",TEXT($A14,"yyyy/mm"))
M15: =IF($C15="","",SUMIF('集計を見る'!$A$34:$A$43,$C15,'集計を見る'!$B$34:$B$43)) | N15: =IF($E15="","",$E15*IF($F15="",1,$F15)+IF($H15="",0,$H15)) | O15: =IF($G15="","",$G15*IF($F15="",1,$F15)) | P15: =IF(OR($C15="",$G15=""),"",(ROUND($G15*$M15,0)+SUMIF('集計を見る'!$A$34:$A$43,$C15,'集計を見る'!$C$34:$C$43)+IF($I15="",0,$I15)+IF($J15="",0,$J15))*IF($F15="",1,$F15)) | Q15: =IF(OR($N15="",$O15="",$P15=""),"",$O15-$N15-$P15) | R15: =IF($Q15="","",ROUND($Q15/IF($F15="",1,$F15),0)) | S15: =IF(OR($Q15="",$O15=""),"",IF($O15=0,"",$Q15/$O15)) | T15: =IF(OR($Q15="",$N15=""),"",IF($N15=0,"",$Q15/$N15)) | U15: =IF(OR($C15="",$E15="",$G15=""),"",IF($M15>=1,"",ROUND(($N15/IF($F15="",1,$F15)+SUMIF('集計を見る'!$A$34:$A$43,$C15,'集計を見る'!$C$34:$C$43)+IF($I15="",0,$I15)+IF($J15="",0,$J15))/(1-$M15),0))) | V15: =IF(OR($G15="",$U15=""),"",$G15-$U15) | W15: =IF(AND($A15="",$B15="",$C15="",$E15="",$G15=""),"",IF(OR($C15="",$E15="",$G15=""),"入力が足りません",IF(COUNTIF('集計を見る'!$A$34:$A$43,$C15)=0,"販路が一覧にない",IF($Q15<=0,"赤字",IF(AND($S15>=$B$2,$R15>=$B$3),"仕入れる",IF(OR($S15>=$B$2,$R15>=$B$3),"要検討","見送り")))))) | X15: =IF($A15="","",TEXT($A15,"yyyy/mm"))
M16: =IF($C16="","",SUMIF('集計を見る'!$A$34:$A$43,$C16,'集計を見る'!$B$34:$B$43)) | N16: =IF($E16="","",$E16*IF($F16="",1,$F16)+IF($H16="",0,$H16)) | O16: =IF($G16="","",$G16*IF($F16="",1,$F16)) | P16: =IF(OR($C16="",$G16=""),"",(ROUND($G16*$M16,0)+SUMIF('集計を見る'!$A$34:$A$43,$C16,'集計を見る'!$C$34:$C$43)+IF($I16="",0,$I16)+IF($J16="",0,$J16))*IF($F16="",1,$F16)) | Q16: =IF(OR($N16="",$O16="",$P16=""),"",$O16-$N16-$P16) | R16: =IF($Q16="","",ROUND($Q16/IF($F16="",1,$F16),0)) | S16: =IF(OR($Q16="",$O16=""),"",IF($O16=0,"",$Q16/$O16)) | T16: =IF(OR($Q16="",$N16=""),"",IF($N16=0,"",$Q16/$N16)) | U16: =IF(OR($C16="",$E16="",$G16=""),"",IF($M16>=1,"",ROUND(($N16/IF($F16="",1,$F16)+SUMIF('集計を見る'!$A$34:$A$43,$C16,'集計を見る'!$C$34:$C$43)+IF($I16="",0,$I16)+IF($J16="",0,$J16))/(1-$M16),0))) | V16: =IF(OR($G16="",$U16=""),"",$G16-$U16) | W16: =IF(AND($A16="",$B16="",$C16="",$E16="",$G16=""),"",IF(OR($C16="",$E16="",$G16=""),"入力が足りません",IF(COUNTIF('集計を見る'!$A$34:$A$43,$C16)=0,"販路が一覧にない",IF($Q16<=0,"赤字",IF(AND($S16>=$B$2,$R16>=$B$3),"仕入れる",IF(OR($S16>=$B$2,$R16>=$B$3),"要検討","見送り")))))) | X16: =IF($A16="","",TEXT($A16,"yyyy/mm"))
... M204: =IF($C204="","",SUMIF('集計を見る'!$A$34:$A$43,$C204,'集計を見る'!$B$34:$B$43)) | N204: =IF($E204="","",$E204*IF($F204="",1,$F204)+IF($H204="",0,$H204)) | O204: =IF($G204="","",$G204*IF($F204="",1,$F204)) | P204: =IF(OR($C204="",$G204=""),"",(ROUND($G204*$M204,0)+SUMIF('集計を見る'!$A$34:$A$43,$C204,'集計を見る'!$C$34:$C$43)+IF($I204="",0,$I204)+IF($J204="",0,$J204))*IF($F204="",1,$F204)) | Q204: =IF(OR($N204="",$O204="",$P204=""),"",$O204-$N204-$P204) | R204: =IF($Q204="","",ROUND($Q204/IF($F204="",1,$F204),0)) | S204: =IF(OR($Q204="",$O204=""),"",IF($O204=0,"",$Q204/$O204)) | T204: =IF(OR($Q204="",$N204=""),"",IF($N204=0,"",$Q204/$N204)) | U204: =IF(OR($C204="",$E204="",$G204=""),"",IF($M204>=1,"",ROUND(($N204/IF($F204="",1,$F204)+SUMIF('集計を見る'!$A$34:$A$43,$C204,'集計を見る'!$C$34:$C$43)+IF($I204="",0,$I204)+IF($J204="",0,$J204))/(1-$M204),0))) | V204: =IF(OR($G204="",$U204=""),"",$G204-$U204) | W204: =IF(AND($A204="",$B204="",$C204="",$E204="",$G204=""),"",IF(OR($C204="",$E204="",$G204=""),"入力が足りません",IF(COUNTIF('集計を見る'!$A$34:$A$43,$C204)=0,"販路が一覧にない",IF($Q204<=0,"赤字",IF(AND($S204>=$B$2,$R204>=$B$3),"仕入れる",IF(OR($S204>=$B$2,$R204>=$B$3),"要検討","見送り")))))) | X204: =IF($A204="","",TEXT($A204,"yyyy/mm"))

Sheet 集計を見る
A1: せどり仕入れ判定シート
A2: 「入力する」に仕入値と想定売価を打つだけで、手数料・送料こみの実質利益と損益分岐売価、仕入れ判定が自動で出ます。
A3: 配布元: 副業ポートフォリオ https://satoru-log.jp
A5: 全体のまとめ
A6: 検討した件数 | B6: =COUNT('入力する'!$N$5:$N$204)
A7: 「仕入れる」の件数 | B7: =COUNTIF('入力する'!$W$5:$W$204,"仕入れる")
A8: 「要検討」の件数 | B8: =COUNTIF('入力する'!$W$5:$W$204,"要検討")
A9: 「見送り」の件数 | B9: =COUNTIF('入力する'!$W$5:$W$204,"見送り")
A10: 「赤字」の件数 | B10: =COUNTIF('入力する'!$W$5:$W$204,"赤字")
A11: 「仕入れる」の割合 | B11: =IF($B$6=0,"",$B$7/$B$6)
A12: 仕入原価の合計（仕入送料こみ） | B12: =SUM('入力する'!$N$5:$N$204)
A13: 売上見込の合計 | B13: =SUM('入力する'!$O$5:$O$204)
A14: 手数料・送料の合計 | B14: =SUM('入力する'!$P$5:$P$204)
A15: 実質利益の合計（手数料・送料を引いたあと） | B15: =SUM('入力する'!$Q$5:$Q$204)
A16: 全体の利益率（実質利益÷売上見込） | B16: =IF($B$13=0,"",$B$15/$B$13)
A17: 全体のROI（実質利益÷仕入原価） | B17: =IF($B$12=0,"",$B$15/$B$12)
A18: 売上にしめる手数料・送料の割合 | B18: =IF($B$13=0,"",$B$14/$B$13)
A19: 1件あたりの平均実質利益 | B19: =IF($B$6=0,"",ROUND($B$15/$B$6,0))
A20: 「仕入れる」だけの実質利益 | B20: =SUMIF('入力する'!$W$5:$W$204,"仕入れる",'入力する'!$Q$5:$Q$204)
A21: 「仕入れる」だけの仕入原価（必要な資金） | B21: =SUMIF('入力する'!$W$5:$W$204,"仕入れる",'入力する'!$N$5:$N$204)
A22: 売却済の実質利益（確定した分） | B22: =SUMIF('入力する'!$K$5:$K$204,"売却済",'入力する'!$Q$5:$Q$204)
A23: 手もとの在庫原価（仕入済＋出品中） | B23: =SUMIF('入力する'!$K$5:$K$204,"仕入済",'入力する'!$N$5:$N$204)+SUMIF('入力する'!$K$5:$K$204,"出品中",'入力する'!$N$5:$N$204)
A24: 在庫の売上見込（仕入済＋出品中） | B24: =SUMIF('入力する'!$K$5:$K$204,"仕入済",'入力する'!$O$5:$O$204)+SUMIF('入力する'!$K$5:$K$204,"出品中",'入力する'!$O$5:$O$204)
A25: めやすの利益率（「入力する」B2） | B25: ='入力する'!$B$2
A26: めやすの利益率をこえた件数 | B26: =COUNTIF('入力する'!$S$5:$S$204,">="&'入力する'!$B$2)
A27: めやすの最低利益額（「入力する」B3） | B27: ='入力する'!$B$3
A28: めやすの利益額をこえた件数 | B28: =COUNTIF('入力する'!$R$5:$R$204,">="&'入力する'!$B$3)
A29: 1個あたり平均の値下げ余地（赤字になる手前まで） | B29: =IF(COUNT('入力する'!$V$5:$V$204)=0,"",ROUND(SUM('入力する'!$V$5:$V$204)/COUNT('入力する'!$V$5:$V$204),0))
A30: ※ 売上にしめる手数料・送料の割合が3割をこえると、売れても手もとに残りません。仕入値か販路を見直す合図です。
A32: 販路べつの手数料と集計（薄い黄色のセルは書きかえられます）
A33: 販路 | B33: 販売手数料率 | C33: 固定費（1件・円） | D33: 件数 | E33: 仕入原価 | F33: 売上見込 | G33: 実質利益 | H33: 利益率 | I33: 順位
A34: Amazon FBA | B34: 0.15 | C34: 0 | D34: =COUNTIF('入力する'!$C$5:$C$204,$A34) | E34: =SUMIF('入力する'!$C$5:$C$204,$A34,'入力する'!$N$5:$N$204) | F34: =SUMIF('入力する'!$C$5:$C$204,$A34,'入力する'!$O$5:$O$204) | G34: =SUMIF('入力する'!$C$5:$C$204,$A34,'入力する'!$Q$5:$Q$204) | H34: =IF($F34=0,"",$G34/$F34) | I34: =IF($G34=0,"",RANK($G34,$G$34:$G$43))
A35: Amazon 自己発送 | B35: 0.15 | C35: 0 | D35: =COUNTIF('入力する'!$C$5:$C$204,$A35) | E35: =SUMIF('入力する'!$C$5:$C$204,$A35,'入力する'!$N$5:$N$204) | F35: =SUMIF('入力する'!$C$5:$C$204,$A35,'入力する'!$O$5:$O$204) | G35: =SUMIF('入力する'!$C$5:$C$204,$A35,'入力する'!$Q$5:$Q$204) | H35: =IF($F35=0,"",$G35/$F35) | I35: =IF($G35=0,"",RANK($G35,$G$34:$G$43))
A36: メルカリ | B36: 0.1 | C36: 0 | D36: =COUNTIF('入力する'!$C$5:$C$204,$A36) | E36: =SUMIF('入力する'!$C$5:$C$204,$A36,'入力する'!$N$5:$N$204) | F36: =SUMIF('入力する'!$C$5:$C$204,$A36,'入力する'!$O$5:$O$204) | G36: =SUMIF('入力する'!$C$5:$C$204,$A36,'入力する'!$Q$5:$Q$204) | H36: =IF($F36=0,"",$G36/$F36) | I36: =IF($G36=0,"",RANK($G36,$G$34:$G$43))
A37: ヤフオク | B37: 0.1 | C37: 0 | D37: =COUNTIF('入力する'!$C$5:$C$204,$A37) | E37: =SUMIF('入力する'!$C$5:$C$204,$A37,'入力する'!$N$5:$N$204) | F37: =SUMIF('入力する'!$C$5:$C$204,$A37,'入力する'!$O$5:$O$204) | G37: =SUMIF('入力する'!$C$5:$C$204,$A37,'入力する'!$Q$5:$Q$204) | H37: =IF($F37=0,"",$G37/$F37) | I37: =IF($G37=0,"",RANK($G37,$G$34:$G$43))
A38: ヤフーフリマ | B38: 0.05 | C38: 0 | D38: =COUNTIF('入力する'!$C$5:$C$204,$A38) | E38: =SUMIF('入力する'!$C$5:$C$204,$A38,'入力する'!$N$5:$N$204) | F38: =SUMIF('入力する'!$C$5:$C$204,$A38,'入力する'!$O$5:$O$204) | G38: =SUMIF('入力する'!$C$5:$C$204,$A38,'入力する'!$Q$5:$Q$204) | H38: =IF($F38=0,"",$G38/$F38) | I38: =IF($G38=0,"",RANK($G38,$G$34:$G$43))
A39: ラクマ | B39: 0.045 | C39: 0 | D39: =COUNTIF('入力する'!$C$5:$C$204,$A39) | E39: =SUMIF('入力する'!$C$5:$C$204,$A39,'入力する'!$N$5:$N$204) | F39: =SUMIF('入力する'!$C$5:$C$204,$A39,'入力する'!$O$5:$O$204) | G39: =SUMIF('入力する'!$C$5:$C$204,$A39,'入力する'!$Q$5:$Q$204) | H39: =IF($F39=0,"",$G39/$F39) | I39: =IF($G39=0,"",RANK($G39,$G$34:$G$43))
A40: 楽天市場 | B40: 0.08 | C40: 0 | D40: =COUNTIF('入力する'!$C$5:$C$204,$A40) | E40: =SUMIF('入力する'!$C$5:$C$204,$A40,'入力する'!$N$5:$N$204) | F40: =SUMIF('入力する'!$C$5:$C$204,$A40,'入力する'!$O$5:$O$204) | G40: =SUMIF('入力する'!$C$5:$C$204,$A40,'入力する'!$Q$5:$Q$204) | H40: =IF($F40=0,"",$G40/$F40) | I40: =IF($G40=0,"",RANK($G40,$G$34:$G$43))
A41: Yahoo!ショッピング | B41: 0.05 | C41: 0 | D41: =COUNTIF('入力する'!$C$5:$C$204,$A41) | E41: =SUMIF('入力する'!$C$5:$C$204,$A41,'入力する'!$N$5:$N$204) | F41: =SUMIF('入力する'!$C$5:$C$204,$A41,'入力する'!$O$5:$O$204) | G41: =SUMIF('入力する'!$C$5:$C$204,$A41,'入力する'!$Q$5:$Q$204) | H41: =IF($F41=0,"",$G41/$F41) | I41: =IF($G41=0,"",RANK($G41,$G$34:$G$43))
A42: BASE・自社サイト | B42: 0.066 | C42: 40 | D42: =COUNTIF('入力する'!$C$5:$C$204,$A42) | E42: =SUMIF('入力する'!$C$5:$C$204,$A42,'入力する'!$N$5:$N$204) | F42: =SUMIF('入力する'!$C$5:$C$204,$A42,'入力する'!$O$5:$O$204) | G42: =SUMIF('入力する'!$C$5:$C$204,$A42,'入力する'!$Q$5:$Q$204) | H42: =IF($F42=0,"",$G42/$F42) | I42: =IF($G42=0,"",RANK($G42,$G$34:$G$43))
A43: 店舗・その他 | B43: 0 | C43: 0 | D43: =COUNTIF('入力する'!$C$5:$C$204,$A43) | E43: =SUMIF('入力する'!$C$5:$C$204,$A43,'入力する'!$N$5:$N$204) | F43: =SUMIF('入力する'!$C$5:$C$204,$A43,'入力する'!$O$5:$O$204) | G43: =SUMIF('入力する'!$C$5:$C$204,$A43,'入力する'!$Q$5:$Q$204) | H43: =IF($F43=0,"",$G43/$F43) | I43: =IF($G43=0,"",RANK($G43,$G$34:$G$43))
A44: 合計 | D44: =SUM(D34:D43) | E44: =SUM(E34:E43) | F44: =SUM(F34:F43) | G44: =SUM(G34:G43) | H44: =IF($F$44=0,"",$G$44/$F$44)
A45: ※ 手数料率は目安です。カテゴリや契約で変わるので、各サイトの最新の規定にあわせて書きかえてください。
A46: ※ FBA配送代行料やゆうパケットなど、1個ごとにかかる発送費は「入力する」I列に入れます。
A48: カテゴリべつの集計（実質利益の多い順に順位）
A49: カテゴリ | B49: 件数 | C49: 仕入原価 | D49: 売上見込 | E49: 実質利益 | F49: 利益率 | G49: 利益の構成比 | H49: めやすとの差 | I49: 順位
A50: 家電・カメラ | B50: =COUNTIF('入力する'!$D$5:$D$204,$A50) | C50: =SUMIF('入力する'!$D$5:$D$204,$A50,'入力する'!$N$5:$N$204) | D50: =SUMIF('入力する'!$D$5:$D$204,$A50,'入力する'!$O$5:$O$204) | E50: =SUMIF('入力する'!$D$5:$D$204,$A50,'入力する'!$Q$5:$Q$204) | F50: =IF($D50=0,"",$E50/$D50) | G50: =IF($E$62=0,"",$E50/$E$62) | H50: =IF($F50="","",$F50-'入力する'!$B$2) | I50: =IF($E50=0,"",RANK($E50,$E$50:$E$61))
A51: パソコン・周辺機器 | B51: =COUNTIF('入力する'!$D$5:$D$204,$A51) | C51: =SUMIF('入力する'!$D$5:$D$204,$A51,'入力する'!$N$5:$N$204) | D51: =SUMIF('入力する'!$D$5:$D$204,$A51,'入力する'!$O$5:$O$204) | E51: =SUMIF('入力する'!$D$5:$D$204,$A51,'入力する'!$Q$5:$Q$204) | F51: =IF($D51=0,"",$E51/$D51) | G51: =IF($E$62=0,"",$E51/$E$62) | H51: =IF($F51="","",$F51-'入力する'!$B$2) | I51: =IF($E51=0,"",RANK($E51,$E$50:$E$61))
A52: ゲーム | B52: =COUNTIF('入力する'!$D$5:$D$204,$A52) | C52: =SUMIF('入力する'!$D$5:$D$204,$A52,'入力する'!$N$5:$N$204) | D52: =SUMIF('入力する'!$D$5:$D$204,$A52,'入力する'!$O$5:$O$204) | E52: =SUMIF('入力する'!$D$5:$D$204,$A52,'入力する'!$Q$5:$Q$204) | F52: =IF($D52=0,"",$E52/$D52) | G52: =IF($E$62=0,"",$E52/$E$62) | H52: =IF($F52="","",$F52-'入力する'!$B$2) | I52: =IF($E52=0,"",RANK($E52,$E$50:$E$61))
A53: ホビー・おもちゃ | B53: =COUNTIF('入力する'!$D$5:$D$204,$A53) | C53: =SUMIF('入力する'!$D$5:$D$204,$A53,'入力する'!$N$5:$N$204) | D53: =SUMIF('入力する'!$D$5:$D$204,$A53,'入力する'!$O$5:$O$204) | E53: =SUMIF('入力する'!$D$5:$D$204,$A53,'入力する'!$Q$5:$Q$204) | F53: =IF($D53=0,"",$E53/$D53) | G53: =IF($E$62=0,"",$E53/$E$62) | H53: =IF($F53="","",$F53-'入力する'!$B$2) | I53: =IF($E53=0,"",RANK($E53,$E$50:$E$61))
A54: 本・CD・DVD | B54: =COUNTIF('入力する'!$D$5:$D$204,$A54) | C54: =SUMIF('入力する'!$D$5:$D$204,$A54,'入力する'!$N$5:$N$204) | D54: =SUMIF('入力する'!$D$5:$D$204,$A54,'入力する'!$O$5:$O$204) | E54: =SUMIF('入力する'!$D$5:$D$204,$A54,'入力する'!$Q$5:$Q$204) | F54: =IF($D54=0,"",$E54/$D54) | G54: =IF($E$62=0,"",$E54/$E$62) | H54: =IF($F54="","",$F54-'入力する'!$B$2) | I54: =IF($E54=0,"",RANK($E54,$E$50:$E$61))
A55: 美容・コスメ | B55: =COUNTIF('入力する'!$D$5:$D$204,$A55) | C55: =SUMIF('入力する'!$D$5:$D$204,$A55,'入力する'!$N$5:$N$204) | D55: =SUMIF('入力する'!$D$5:$D$204,$A55,'入力する'!$O$5:$O$204) | E55: =SUMIF('入力する'!$D$5:$D$204,$A55,'入力する'!$Q$5:$Q$204) | F55: =IF($D55=0,"",$E55/$D55) | G55: =IF($E$62=0,"",$E55/$E$62) | H55: =IF($F55="","",$F55-'入力する'!$B$2) | I55: =IF($E55=0,"",RANK($E55,$E$50:$E$61))
A56: 食品・飲料 | B56: =COUNTIF('入力する'!$D$5:$D$204,$A56) | C56: =SUMIF('入力する'!$D$5:$D$204,$A56,'入力する'!$N$5:$N$204) | D56: =SUMIF('入力する'!$D$5:$D$204,$A56,'入力する'!$O$5:$O$204) | E56: =SUMIF('入力する'!$D$5:$D$204,$A56,'入力する'!$Q$5:$Q$204) | F56: =IF($D56=0,"",$E56/$D56) | G56: =IF($E$62=0,"",$E56/$E$62) | H56: =IF($F56="","",$F56-'入力する'!$B$2) | I56: =IF($E56=0,"",RANK($E56,$E$50:$E$61))
A57: 日用品・雑貨 | B57: =COUNTIF('入力する'!$D$5:$D$204,$A57) | C57: =SUMIF('入力する'!$D$5:$D$204,$A57,'入力する'!$N$5:$N$204) | D57: =SUMIF('入力する'!$D$5:$D$204,$A57,'入力する'!$O$5:$O$204) | E57: =SUMIF('入力する'!$D$5:$D$204,$A57,'入力する'!$Q$5:$Q$204) | F57: =IF($D57=0,"",$E57/$D57) | G57: =IF($E$62=0,"",$E57/$E$62) | H57: =IF($F57="","",$F57-'入力する'!$B$2) | I57: =IF($E57=0,"",RANK($E57,$E$50:$E$61))
A58: ファッション | B58: =COUNTIF('入力する'!$D$5:$D$204,$A58) | C58: =SUMIF('入力する'!$D$5:$D$204,$A58,'入力する'!$N$5:$N$204) | D58: =SUMIF('入力する'!$D$5:$D$204,$A58,'入力する'!$O$5:$O$204) | E58: =SUMIF('入力する'!$D$5:$D$204,$A58,'入力する'!$Q$5:$Q$204) | F58: =IF($D58=0,"",$E58/$D58) | G58: =IF($E$62=0,"",$E58/$E$62) | H58: =IF($F58="","",$F58-'入力する'!$B$2) | I58: =IF($E58=0,"",RANK($E58,$E$50:$E$61))
A59: スポーツ・アウトドア | B59: =COUNTIF('入力する'!$D$5:$D$204,$A59) | C59: =SUMIF('入力する'!$D$5:$D$204,$A59,'入力する'!$N$5:$N$204) | D59: =SUMIF('入力する'!$D$5:$D$204,$A59,'入力する'!$O$5:$O$204) | E59: =SUMIF('入力する'!$D$5:$D$204,$A59,'入力する'!$Q$5:$Q$204) | F59: =IF($D59=0,"",$E59/$D59) | G59: =IF($E$62=0,"",$E59/$E$62) | H59: =IF($F59="","",$F59-'入力する'!$B$2) | I59: =IF($E59=0,"",RANK($E59,$E$50:$E$61))
A60: ベビー・キッズ | B60: =COUNTIF('入力する'!$D$5:$D$204,$A60) | C60: =SUMIF('入力する'!$D$5:$D$204,$A60,'入力する'!$N$5:$N$204) | D60: =SUMIF('入力する'!$D$5:$D$204,$A60,'入力する'!$O$5:$O$204) | E60: =SUMIF('入力する'!$D$5:$D$204,$A60,'入力する'!$Q$5:$Q$204) | F60: =IF($D60=0,"",$E60/$D60) | G60: =IF($E$62=0,"",$E60/$E$62) | H60: =IF($F60="","",$F60-'入力する'!$B$2) | I60: =IF($E60=0,"",RANK($E60,$E$50:$E$61))
A61: その他 | B61: =COUNTIF('入力する'!$D$5:$D$204,$A61) | C61: =SUMIF('入力する'!$D$5:$D$204,$A61,'入力する'!$N$5:$N$204) | D61: =SUMIF('入力する'!$D$5:$D$204,$A61,'入力する'!$O$5:$O$204) | E61: =SUMIF('入力する'!$D$5:$D$204,$A61,'入力する'!$Q$5:$Q$204) | F61: =IF($D61=0,"",$E61/$D61) | G61: =IF($E$62=0,"",$E61/$E$62) | H61: =IF($F61="","",$F61-'入力する'!$B$2) | I61: =IF($E61=0,"",RANK($E61,$E$50:$E$61))
A62: 合計 | B62: =SUM(B50:B61) | C62: =SUM(C50:C61) | D62: =SUM(D50:D61) | E62: =SUM(E50:E61) | F62: =IF($D$62=0,"",$E$62/$D$62) | G62: =IF($E$62=0,"",1) | H62: =IF($F$62="","",$F$62-'入力する'!$B$2)
A64: 判定べつの内訳
A65: 判定 | B65: 件数 | C65: 件数の構成比 | D65: 仕入原価 | E65: 実質利益 | F65: 見かた
A66: 仕入れる | B66: =COUNTIF('入力する'!$W$5:$W$204,$A66) | C66: =IF($B$6=0,"",$B66/$B$6) | D66: =SUMIF('入力する'!$W$5:$W$204,$A66,'入力する'!$N$5:$N$204) | E66: =SUMIF('入力する'!$W$5:$W$204,$A66,'入力する'!$Q$5:$Q$204) | F66: 利益率も1個あたりの利益もめやすを満たしています。
A67: 要検討 | B67: =COUNTIF('入力する'!$W$5:$W$204,$A67) | C67: =IF($B$6=0,"",$B67/$B$6) | D67: =SUMIF('入力する'!$W$5:$W$204,$A67,'入力する'!$N$5:$N$204) | E67: =SUMIF('入力する'!$W$5:$W$204,$A67,'入力する'!$Q$5:$Q$204) | F67: めやすの片方だけ届いています。回転の速さと在庫リスクで決めます。
A68: 見送り | B68: =COUNTIF('入力する'!$W$5:$W$204,$A68) | C68: =IF($B$6=0,"",$B68/$B$6) | D68: =SUMIF('入力する'!$W$5:$W$204,$A68,'入力する'!$N$5:$N$204) | E68: =SUMIF('入力する'!$W$5:$W$204,$A68,'入力する'!$Q$5:$Q$204) | F68: 利益率も利益額もめやす未満です。仕入値を下げられないか交渉します。
A69: 赤字 | B69: =COUNTIF('入力する'!$W$5:$W$204,$A69) | C69: =IF($B$6=0,"",$B69/$B$6) | D69: =SUMIF('入力する'!$W$5:$W$204,$A69,'入力する'!$N$5:$N$204) | E69: =SUMIF('入力する'!$W$5:$W$204,$A69,'入力する'!$Q$5:$Q$204) | F69: 手数料と送料を引くと残りません。売価か仕入値の見直しが必要です。
A70: 入力が足りません | B70: =COUNTIF('入力する'!$W$5:$W$204,$A70) | C70: =IF($B$6=0,"",$B70/$B$6) | D70: =SUMIF('入力する'!$W$5:$W$204,$A70,'入力する'!$N$5:$N$204) | E70: =SUMIF('入力する'!$W$5:$W$204,$A70,'入力する'!$Q$5:$Q$204) | F70: 販路・仕入単価・想定売価のどれかが空です。
A71: 販路が一覧にない | B71: =COUNTIF('入力する'!$W$5:$W$204,$A71) | C71: =IF($B$6=0,"",$B71/$B$6) | D71: =SUMIF('入力する'!$W$5:$W$204,$A71,'入力する'!$N$5:$N$204) | E71: =SUMIF('入力する'!$W$5:$W$204,$A71,'入力する'!$Q$5:$Q$204) | F71: 下の販路べつの表にない名前です。名前をそろえると集計に入ります。
A73: 状況べつの集計（資金がどこにあるか）
A74: 状況 | B74: 件数 | C74: 仕入原価 | D74: 売上見込 | E74: 実質利益 | F74: 利益率
A75: 検討中 | B75: =COUNTIF('入力する'!$K$5:$K$204,$A75) | C75: =SUMIF('入力する'!$K$5:$K$204,$A75,'入力する'!$N$5:$N$204) | D75: =SUMIF('入力する'!$K$5:$K$204,$A75,'入力する'!$O$5:$O$204) | E75: =SUMIF('入力する'!$K$5:$K$204,$A75,'入力する'!$Q$5:$Q$204) | F75: =IF($D75=0,"",$E75/$D75)
A76: 仕入済 | B76: =COUNTIF('入力する'!$K$5:$K$204,$A76) | C76: =SUMIF('入力する'!$K$5:$K$204,$A76,'入力する'!$N$5:$N$204) | D76: =SUMIF('入力する'!$K$5:$K$204,$A76,'入力する'!$O$5:$O$204) | E76: =SUMIF('入力する'!$K$5:$K$204,$A76,'入力する'!$Q$5:$Q$204) | F76: =IF($D76=0,"",$E76/$D76)
A77: 出品中 | B77: =COUNTIF('入力する'!$K$5:$K$204,$A77) | C77: =SUMIF('入力する'!$K$5:$K$204,$A77,'入力する'!$N$5:$N$204) | D77: =SUMIF('入力する'!$K$5:$K$204,$A77,'入力する'!$O$5:$O$204) | E77: =SUMIF('入力する'!$K$5:$K$204,$A77,'入力する'!$Q$5:$Q$204) | F77: =IF($D77=0,"",$E77/$D77)
A78: 売却済 | B78: =COUNTIF('入力する'!$K$5:$K$204,$A78) | C78: =SUMIF('入力する'!$K$5:$K$204,$A78,'入力する'!$N$5:$N$204) | D78: =SUMIF('入力する'!$K$5:$K$204,$A78,'入力する'!$O$5:$O$204) | E78: =SUMIF('入力する'!$K$5:$K$204,$A78,'入力する'!$Q$5:$Q$204) | F78: =IF($D78=0,"",$E78/$D78)
A79: 見送り | B79: =COUNTIF('入力する'!$K$5:$K$204,$A79) | C79: =SUMIF('入力する'!$K$5:$K$204,$A79,'入力する'!$N$5:$N$204) | D79: =SUMIF('入力する'!$K$5:$K$204,$A79,'入力する'!$O$5:$O$204) | E79: =SUMIF('入力する'!$K$5:$K$204,$A79,'入力する'!$Q$5:$Q$204) | F79: =IF($D79=0,"",$E79/$D79)
A81: 月べつの推移（「入力する」B1の年の12か月）
A82: 月 | B82: 件数 | C82: 仕入原価 | D82: 売上見込 | E82: 手数料・送料 | F82: 実質利益 | G82: 利益率 | H82: 「仕入れる」件数
A83: =TEXT(DATE('入力する'!$B$1,1,1),"yyyy/mm") | B83: =COUNTIF('入力する'!$X$5:$X$204,$A83) | C83: =SUMIF('入力する'!$X$5:$X$204,$A83,'入力する'!$N$5:$N$204) | D83: =SUMIF('入力する'!$X$5:$X$204,$A83,'入力する'!$O$5:$O$204) | E83: =SUMIF('入力する'!$X$5:$X$204,$A83,'入力する'!$P$5:$P$204) | F83: =SUMIF('入力する'!$X$5:$X$204,$A83,'入力する'!$Q$5:$Q$204) | G83: =IF($D83=0,"",$F83/$D83) | H83: =COUNTIFS('入力する'!$X$5:$X$204,$A83,'入力する'!$W$5:$W$204,"仕入れる")
A84: =TEXT(DATE('入力する'!$B$1,2,1),"yyyy/mm") | B84: =COUNTIF('入力する'!$X$5:$X$204,$A84) | C84: =SUMIF('入力する'!$X$5:$X$204,$A84,'入力する'!$N$5:$N$204) | D84: =SUMIF('入力する'!$X$5:$X$204,$A84,'入力する'!$O$5:$O$204) | E84: =SUMIF('入力する'!$X$5:$X$204,$A84,'入力する'!$P$5:$P$204) | F84: =SUMIF('入力する'!$X$5:$X$204,$A84,'入力する'!$Q$5:$Q$204) | G84: =IF($D84=0,"",$F84/$D84) | H84: =COUNTIFS('入力する'!$X$5:$X$204,$A84,'入力する'!$W$5:$W$204,"仕入れる")
A85: =TEXT(DATE('入力する'!$B$1,3,1),"yyyy/mm") | B85: =COUNTIF('入力する'!$X$5:$X$204,$A85) | C85: =SUMIF('入力する'!$X$5:$X$204,$A85,'入力する'!$N$5:$N$204) | D85: =SUMIF('入力する'!$X$5:$X$204,$A85,'入力する'!$O$5:$O$204) | E85: =SUMIF('入力する'!$X$5:$X$204,$A85,'入力する'!$P$5:$P$204) | F85: =SUMIF('入力する'!$X$5:$X$204,$A85,'入力する'!$Q$5:$Q$204) | G85: =IF($D85=0,"",$F85/$D85) | H85: =COUNTIFS('入力する'!$X$5:$X$204,$A85,'入力する'!$W$5:$W$204,"仕入れる")
A86: =TEXT(DATE('入力する'!$B$1,4,1),"yyyy/mm") | B86: =COUNTIF('入力する'!$X$5:$X$204,$A86) | C86: =SUMIF('入力する'!$X$5:$X$204,$A86,'入力する'!$N$5:$N$204) | D86: =SUMIF('入力する'!$X$5:$X$204,$A86,'入力する'!$O$5:$O$204) | E86: =SUMIF('入力する'!$X$5:$X$204,$A86,'入力する'!$P$5:$P$204) | F86: =SUMIF('入力する'!$X$5:$X$204,$A86,'入力する'!$Q$5:$Q$204) | G86: =IF($D86=0,"",$F86/$D86) | H86: =COUNTIFS('入力する'!$X$5:$X$204,$A86,'入力する'!$W$5:$W$204,"仕入れる")
A87: =TEXT(DATE('入力する'!$B$1,5,1),"yyyy/mm") | B87: =COUNTIF('入力する'!$X$5:$X$204,$A87) | C87: =SUMIF('入力する'!$X$5:$X$204,$A87,'入力する'!$N$5:$N$204) | D87: =SUMIF('入力する'!$X$5:$X$204,$A87,'入力する'!$O$5:$O$204) | E87: =SUMIF('入力する'!$X$5:$X$204,$A87,'入力する'!$P$5:$P$204) | F87: =SUMIF('入力する'!$X$5:$X$204,$A87,'入力する'!$Q$5:$Q$204) | G87: =IF($D87=0,"",$F87/$D87) | H87: =COUNTIFS('入力する'!$X$5:$X$204,$A87,'入力する'!$W$5:$W$204,"仕入れる")
A88: =TEXT(DATE('入力する'!$B$1,6,1),"yyyy/mm") | B88: =COUNTIF('入力する'!$X$5:$X$204,$A88) | C88: =SUMIF('入力する'!$X$5:$X$204,$A88,'入力する'!$N$5:$N$204) | D88: =SUMIF('入力する'!$X$5:$X$204,$A88,'入力する'!$O$5:$O$204) | E88: =SUMIF('入力する'!$X$5:$X$204,$A88,'入力する'!$P$5:$P$204) | F88: =SUMIF('入力する'!$X$5:$X$204,$A88,'入力する'!$Q$5:$Q$204) | G88: =IF($D88=0,"",$F88/$D88) | H88: =COUNTIFS('入力する'!$X$5:$X$204,$A88,'入力する'!$W$5:$W$204,"仕入れる")
A89: =TEXT(DATE('入力する'!$B$1,7,1),"yyyy/mm") | B89: =COUNTIF('入力する'!$X$5:$X$204,$A89) | C89: =SUMIF('入力する'!$X$5:$X$204,$A89,'入力する'!$N$5:$N$204) | D89: =SUMIF('入力する'!$X$5:$X$204,$A89,'入力する'!$O$5:$O$204) | E89: =SUMIF('入力する'!$X$5:$X$204,$A89,'入力する'!$P$5:$P$204) | F89: =SUMIF('入力する'!$X$5:$X$204,$A89,'入力する'!$Q$5:$Q$204) | G89: =IF($D89=0,"",$F89/$D89) | H89: =COUNTIFS('入力する'!$X$5:$X$204,$A89,'入力する'!$W$5:$W$204,"仕入れる")
A90: =TEXT(DATE('入力する'!$B$1,8,1),"yyyy/mm") | B90: =COUNTIF('入力する'!$X$5:$X$204,$A90) | C90: =SUMIF('入力する'!$X$5:$X$204,$A90,'入力する'!$N$5:$N$204) | D90: =SUMIF('入力する'!$X$5:$X$204,$A90,'入力する'!$O$5:$O$204) | E90: =SUMIF('入力する'!$X$5:$X$204,$A90,'入力する'!$P$5:$P$204) | F90: =SUMIF('入力する'!$X$5:$X$204,$A90,'入力する'!$Q$5:$Q$204) | G90: =IF($D90=0,"",$F90/$D90) | H90: =COUNTIFS('入力する'!$X$5:$X$204,$A90,'入力する'!$W$5:$W$204,"仕入れる")
A91: =TEXT(DATE('入力する'!$B$1,9,1),"yyyy/mm") | B91: =COUNTIF('入力する'!$X$5:$X$204,$A91) | C91: =SUMIF('入力する'!$X$5:$X$204,$A91,'入力する'!$N$5:$N$204) | D91: =SUMIF('入力する'!$X$5:$X$204,$A91,'入力する'!$O$5:$O$204) | E91: =SUMIF('入力する'!$X$5:$X$204,$A91,'入力する'!$P$5:$P$204) | F91: =SUMIF('入力する'!$X$5:$X$204,$A91,'入力する'!$Q$5:$Q$204) | G91: =IF($D91=0,"",$F91/$D91) | H91: =COUNTIFS('入力する'!$X$5:$X$204,$A91,'入力する'!$W$5:$W$204,"仕入れる")
A92: =TEXT(DATE('入力する'!$B$1,10,1),"yyyy/mm") | B92: =COUNTIF('入力する'!$X$5:$X$204,$A92) | C92: =SUMIF('入力する'!$X$5:$X$204,$A92,'入力する'!$N$5:$N$204) | D92: =SUMIF('入力する'!$X$5:$X$204,$A92,'入力する'!$O$5:$O$204) | E92: =SUMIF('入力する'!$X$5:$X$204,$A92,'入力する'!$P$5:$P$204) | F92: =SUMIF('入力する'!$X$5:$X$204,$A92,'入力する'!$Q$5:$Q$204) | G92: =IF($D92=0,"",$F92/$D92) | H92: =COUNTIFS('入力する'!$X$5:$X$204,$A92,'入力する'!$W$5:$W$204,"仕入れる")
A93: =TEXT(DATE('入力する'!$B$1,11,1),"yyyy/mm") | B93: =COUNTIF('入力する'!$X$5:$X$204,$A93) | C93: =SUMIF('入力する'!$X$5:$X$204,$A93,'入力する'!$N$5:$N$204) | D93: =SUMIF('入力する'!$X$5:$X$204,$A93,'入力する'!$O$5:$O$204) | E93: =SUMIF('入力する'!$X$5:$X$204,$A93,'入力する'!$P$5:$P$204) | F93: =SUMIF('入力する'!$X$5:$X$204,$A93,'入力する'!$Q$5:$Q$204) | G93: =IF($D93=0,"",$F93/$D93) | H93: =COUNTIFS('入力する'!$X$5:$X$204,$A93,'入力する'!$W$5:$W$204,"仕入れる")
A94: =TEXT(DATE('入力する'!$B$1,12,1),"yyyy/mm") | B94: =COUNTIF('入力する'!$X$5:$X$204,$A94) | C94: =SUMIF('入力する'!$X$5:$X$204,$A94,'入力する'!$N$5:$N$204) | D94: =SUMIF('入力する'!$X$5:$X$204,$A94,'入力する'!$O$5:$O$204) | E94: =SUMIF('入力する'!$X$5:$X$204,$A94,'入力する'!$P$5:$P$204) | F94: =SUMIF('入力する'!$X$5:$X$204,$A94,'入力する'!$Q$5:$Q$204) | G94: =IF($D94=0,"",$F94/$D94) | H94: =COUNTIFS('入力する'!$X$5:$X$204,$A94,'入力する'!$W$5:$W$204,"仕入れる")
A95: 年の合計 | B95: =SUM(B83:B94) | C95: =SUM(C83:C94) | D95: =SUM(D83:D94) | E95: =SUM(E83:E94) | F95: =SUM(F83:F94) | G95: =IF($D$95=0,"",$F$95/$D$95) | H95: =SUM(H83:H94)
A96: ※ 月の並びは「入力する」B1の年から自動で作っています。年をまたぐときはB1を切りかえてください。

Sheet 使い方と注意
A1: せどり仕入れ判定シート｜使い方と注意
A3: このシートについて
A4: 店頭やネットで見つけた商品を「仕入れていいか」を、その場で決めるためのシートです。
A5: 仕入値と想定売価を入れると、販売手数料・送料・梱包代まで引いた実質利益と、
A6: 赤字になるぎりぎりの売価（損益分岐売価）が出ます。売価だけを見て仕入れて、手数料で消える失敗を防ぎます。
A8: 使い方（4ステップ）
A9: 1. 「入力する」のB1に対象の年、B2にめやすの利益率、B3にめやすの最低利益額（1個あたり）を入れます。
A10: まずはB2=20%、B3=500円くらいから始めて、慣れたら自分の基準に変えてください。
A11: 2. 「集計を見る」の販路べつの表で、使う販路の手数料率と固定費を確かめます。
A12: 初期値は目安です。薄い黄色のセルなので、実際の規定にあわせて書きかえられます。
A13: 3. 「入力する」の5行目から下に、仕入日・商品名・販路・カテゴリ・仕入単価・数量・想定売価を打ちます。
A14: 仕入送料・発送費・その他経費も入れると、実質利益の精度が上がります。
... A78: 配布元: 副業ポートフォリオ https://satoru-log.jp
